 Dungeon Crawl Stone Soup version 0.30-a0-728-gc68057be0a (webtiles) character file.

Game seed: 13378002285222283535

4308 hikkokomori the Fighter (level 10, -2/88 HPs)
             Began as a Merfolk Wanderer on Jan 30, 2023.
             Was a Follower of Okawaru.
             Slain by an acid dragon (4 damage)
             ... on level 11 of the Dungeon.
             The game lasted 00:13:02 (8861 turns).

hikkokomori the Fighter (Merfolk Wanderer)          Turns: 8861, Time: 00:13:03

Health: -2/88      AC:  5    Str: 18    XL:     10   Next: 32%
Magic:  0/28       EV:  9    Int: 13    God:    Okawaru [*.....]
Gold:   882        SH:  0    Dex: 16    Spells: 17/21 levels left

rFire   + . .      SeeInvis .    c - +9 whip (vamp)
rCold   . . .      Faith    .    (no shield)
rNeg    . . .      Spirit   +    d - +2 scale mail
rPois   .          Reflect  .    t - +0 helmet
rElec   .          Harm     .    (no cloak)
rCorr   .          Rampage  .    (no gloves)
Will    .....                    i - +2 pair of boots
Stlth   ++                       B - amulet of guardian spirit
HPRegen 0.34/turn                m - ring of magical power
MPRegen 0.21/turn                l - ring "Qexo" {rF+ Dex+5}

@: corroded, slowed, studying 2 skills, invisible, very slow
A: (nimble swimmer 2), mertail
a: Renounce Religion, Heroism


You were on level 11 of the Dungeon.
You worshipped Okawaru.
Okawaru was aware of your devotion.
You visited 2 branches of the dungeon, and saw 10 of its levels.

You collected 1141 gold pieces.
You spent 259 gold pieces at shops.

Inventory:

Hand Weapons
 a - a +0 club
 c - a +9 vampiric whip (weapon)
 e - a +0 flail
 y - a +0 short sword of draining
 D - a +0 morningstar of protection
Missiles
 n - a throwing net
Armour
 d - a +2 scale mail (worn)
 i - a +2 pair of boots (worn)
 s - a +2 animal skin
 t - a +0 helmet (worn)
Jewellery
 f - a +6 ring of dexterity
 l - the ring "Qexo" (right hand) {rF+ Dex+5}
   (You acquired it on level 5 of the Dungeon)

   [ring of protection from fire]

   Dex:       It affects your dexterity (+5).
   rF:        It protects you from fire.
 m - a ring of magical power (left hand)
 o - a +6 ring of intelligence
 u - a ring of wizardry
 A - a ring of resist corrosion
 B - an amulet of guardian spirit (around neck)
 I - a ring of see invisible
Wands
 b - a wand of flame (13)
Scrolls
 g - 2 scrolls of enchant weapon
 h - a scroll of torment
 j - a scroll of immolation
 k - 3 scrolls of enchant armour
 w - a scroll of fear
 x - 3 scrolls of teleportation
 C - a scroll of noise
 G - a scroll of fog
Potions
 p - 2 potions of degeneration
 q - 2 potions of haste
 r - 2 potions of flight
 v - a potion of invisibility
 z - 2 potions of brilliance
 E - 3 potions of curing
 F - 2 potions of attraction
 H - a potion of berserk rage {unknown}


   Skills:
 + Level 11.2 Fighting
 + Level 5.0 Maces & Flails
 - Level 3.7 Armour
 - Level 7.9 Stealth
 + Level 6.4 Spellcasting
 + Level 0.4 Conjurations
 + Level 0.4 Earth Magic
 - Level 5.2 Evocations


You had 17 spell levels left.
You knew the following spells:

 Your Spells              Type           Power      Damage    Failure   Level
a - Apportation           Tloc           8%         N/A       45%         1
b - Stone Arrow           Conj/Erth      10%        3d7       77%         3

Your spell library contained the following spells:

 Spells                   Type           Power      Damage    Failure   Level
 Sandblast                Erth           10%        2d5       38%         1
 Freeze                   Ice            16%        1d4       45%         1
 Passwall                 Tmut/Erth      3%         N/A       56%         2
 Dazzling Flash           Conj/Hex       8%         N/A       80%         3
 Hailstorm                Conj/Ice       4%         3d4       80%         3
 Frozen Ramparts          Ice            8%         1d2       83%         3
 Inner Flame              Hex/Fire       4%         N/A       83%         3
 Teleport Other           Tloc           4%         N/A       83%         3
 Flame Wave               Conj/Fire      4%         2d5       99%         4
 Ice Form                 Ice/Tmut       4%         N/A       99%         4
 Iskenderun's Mystic Bla  Conj/Tloc      4%         2d3       99%         4
 Sticky Flame             Conj/Fire      4%         2d3       99%         4
 Starburst                Conj/Fire      2%         6d3       100%        6
 Lehudib's Crystal Spear  Conj/Erth      2%         10d2      100%        8
 Animate Armour           Summ/Erth      Unusable   N/A       N/A         4
 Simulacrum               Ice/Necr       Unusable   N/A       N/A         6

Dungeon Overview and Level Annotations

Branches:
Dungeon (8/15)             Temple (1/1) D:7
   Lair: D:8-11

Altars:
Ashenzari
Cheibriados
Dithmenos
Elyvilon
Gozag
Hepliaklqana
Kikubaaqudgha
Okawaru
Qazlal
Ru
Sif Muna
Vehumet
Wu Jian
Xom
Yredelemnul

Shops:
D:3 *   D:6 *

Annotations:
D:3 2 transporters
D:6 3 runed translucent doors, hikkokomori's ghost, novice DEWn


Innate Abilities, Weirdness & Mutations

((You are very nimble when in or above water. (Stealth+, EV+, Speed+++)))
Your lower body shifts to a powerful aquatic tail in water.


Message History

The acid dragon bites you! The acid dragon misses you.
The acid dragon bites you!
* * * LOW HITPOINT WARNING * * *
The acid dragon claws you.
* * * LOW HITPOINT WARNING * * *
You hit the acid dragon but do no damage.
The acid dragon is heavily wounded.
The acid dragon bites you but does no damage.
The acid dragon closely misses you.
Unknown command.
You hit the acid dragon.
The acid dragon is severely wounded.
The acid dragon bites you but does no damage.
The acid dragon closely misses you.
You hit the acid dragon.
You feel better.
The acid dragon is almost dead.
The acid dragon spits acid at you. The splash of acid hits you!!
* * * LOW HITPOINT WARNING * * *
The acid corrodes you! The acid dragon bites you!
* * * LOW HITPOINT WARNING * * *
The acid dragon claws you but does no damage.
You fade into invisibility!
The acid dragon bites you.
* * * LOW HITPOINT WARNING * * *
The acid dragon claws you but does no damage.
You closely miss the acid dragon.
The acid dragon is almost dead.
The acid dragon barely misses you.
The acid dragon claws you but does no damage.
You hit the acid dragon.
The acid dragon is almost dead.
The acid dragon closely misses you.
The acid dragon claws you but does no damage.
The acid dragon barely misses you.
The acid dragon claws you but does no damage.
You hit the acid dragon.
The acid dragon is almost dead.
The acid dragon bites you.
You die...

###+### ###.>...#
##+###########.'.....#
..........#....#.....#
..........'.####.....#
..........### #.....#
# ..........#
#.....### .......@..#
#.....##. ......D...#
#...†.'.. ..........#
#.....### ..........#
####### ###########


You could see an acid dragon (unable to see you).

Vanquished Creatures
  2 two-headed ogres
  A troll (D:11)
  A wraith (D:11)
  A steam dragon (D:6)
  A water moccasin (D:6)
  An orc warrior (D:7)
  2 black bears (D:6)
  2 ice beasts (D:5)
  2 centaurs
  An ogre (D:5)
  2 phantoms (D:5)
  Blork the orc (D:4)
  2 bullfrogs
  2 scorpions
  5 wights (D:6)
  2 necrophages (D:5)
  4 howler monkeys
  2 jellies
  6 orc priests
  5 hounds
  A gnoll bouda (D:6)
  Ijyb (D:3)
  3 iguanas
  3 orc wizards (D:7)
  Robin (D:3)
  12 gnolls
  5 adders
  2 shadow imps (D:7)
  A worm (D:4)
  4 dart slugs
  15 orcs
  5 ball pythons
  4 endoplasms
  A giant cockroach (D:2)
  13 goblins
  10 hobgoblins
  6 jackals
  5 bats
  4 frilled lizards (D:2)
  3 kobolds
  A rat (D:1)
145 creatures vanquished.

Notes
Turn   | Place    | Note
-------+----------+-------------------------------------------
     0 | D:1      | hikkokomori the Merfolk Wanderer began the quest for the
                  | Orb.
     0 | D:1      | hikkokomori set off with the following items: a +0 club, a
                  | wand of flame (4), a potion of heal wounds, a +2 scale
                  | mail; and the following spell memorised: Apportation; and
                  | the following spells available to memorise: Teleport Other.
     0 | D:1      | Reached XP level 1. HP: 13/13 MP: 4/4
    99 | D:1      | Reached skill level 1 in Fighting
    99 | D:1      | Reached XP level 2. HP: 21/21 MP: 6/6
   601 | D:2      | Reached XP level 3. HP: 25/27 MP: 7/7
   683 | D:2      | Reached skill level 2 in Fighting
   928 | D:2      | Reached XP level 4. HP: 32/34 MP: 8/8
  1201 | D:2      | Reached skill level 3 in Fighting
  1690 | D:3      | Noticed Ijyb
  1744 | D:3      | Killed Ijyb
  1745 | D:3      | Reached XP level 5. HP: 12/41 MP: 9/9
  1918 | D:3      | Noticed Robin
  1953 | D:3      | Killed Robin
  2090 | D:3      | Found Exockoc's General Store.
  2098 | D:3      | Bought a potion of might for 48 gold pieces
  2098 | D:3      | Bought a scroll of identify for 24 gold pieces
  2417 | D:3      | Found a shimmering blue altar of Sif Muna.
  2417 | D:3      | Noticed a phantom
  2427 | D:3      | Found a transporter.
  2466 | D:3      | Found a transporter.
  2698 | D:4      | Reached skill level 4 in Fighting
  2803 | D:4      | Found a broken altar of Ashenzari.
  2865 | D:4      | Reached XP level 6. HP: 19/48 MP: 10/10
  2983 | D:4      | Identified the +1 leather armour of the Witching Gods
                  | {rC++}
  3586 | D:4      | Found a hazy altar of Hepliaklqana.
  4017 | D:5      | Entered Level 5 of the Dungeon
  4020 | D:5      | Noticed Blork the orc
  4049 | D:4      | Killed Blork the orc
  4050 | D:4      | Reached skill level 5 in Fighting
  4050 | D:4      | Reached skill level 5 in Evocations
  4189 | D:5      | Reached skill level 1 in Stealth
  4189 | D:5      | Reached XP level 7. HP: 51/56 MP: 11/11
  4295 | D:5      | Reached skill level 6 in Fighting
  4574 | D:5      | Found a stormy altar of Qazlal.
  4744 | D:5      | Reached XP level 8. HP: 65/65 MP: 12/12
  4991 | D:5      | Reached skill level 7 in Fighting
  5168 | D:5      | Reached skill level 5 in Stealth
  5338 | D:5      | Found a shimmering altar of Xom.
  5485 | D:5      | Identified a scroll of acquirement
  5485 | D:5      | Acquired the ring "Qexo" {rF+ Dex+5}
  5663 | D:6      | Found a snail-covered altar of Cheibriados.
  5773 | D:6      | Found a runed translucent gate.
  5773 | D:6      | Noticed a yak
  5773 | D:6      | Noticed hikkokomori's ghost (novice DEWn)
  5777 | D:6      | Noticed a gargoyle
  5794 | D:6      | Reached skill level 1 in Maces & Flails
  5831 | D:6      | Reached skill level 8 in Fighting
  5941 | D:6      | Found a runed translucent gate.
  5942 | D:6      | Found a runed translucent gate.
  5957 | D:6      | Reached XP level 9. HP: 74/74 MP: 13/13
  6189 | D:6      | Found Owkilawn's General Store.
  6195 | D:6      | Bought a scroll of noise for 11 gold pieces
  6195 | D:6      | Bought a potion of haste for 110 gold pieces
  6195 | D:6      | Bought a potion of curing for 33 gold pieces
  6195 | D:6      | Bought a scroll of teleportation for 33 gold pieces
  6227 | D:6      | Found a white marble altar of Elyvilon.
  6914 | D:7      | Found a staircase to the Ecumenical Temple.
  6924 | D:7      | Reached skill level 9 in Fighting
  6928 | Temple   | Entered the Ecumenical Temple
  6995 | Temple   | Became a worshipper of Warmaster Okawaru
  7030 | D:7      | Identified the +1 ring mail of Xeuptuuh {rC+ rCorr Int+2}
  7405 | D:7      | Noticed a two-headed ogre
  7420 | D:7      | Found a radiant altar of Vehumet.
  7430 | D:6      | Acquired 661 gold pieces
  7431 | D:6      | Acquired a manual of Spellcasting
  7432 | D:6      | Acquired a manual of Fighting
  7614 | D:6      | Killed a two-headed ogre
  7615 | D:6      | Reached skill level 10 in Fighting
  7953 | D:7      | Reached skill level 5 in Spellcasting
  7958 | D:7      | Reached XP level 10. HP: 79/85 MP: 17/17
  8459 | D:8      | You fall into a shaft and drop 3 floors!
  8484 | D:11     | Noticed a two-headed ogre
  8502 | D:11     | Killed a two-headed ogre
  8502 | D:11     | Reached * piety under Okawaru
  8607 | D:11     | Found a shimmering altar of Xom.
  8701 | D:11     | Reached skill level 11 in Fighting
  8773 | D:11     | Learned a level 3 spell: Stone Arrow
  8800 | D:11     | Reached skill level 5 in Maces & Flails
  8857 | D:11     | HP: 2/88 [acid dragon (10)]
  8861 | D:11     | Slain by an acid dragon

Illustrated notes

Levels and vault maps discovered:
D:1:      dpeg_arrival_connections, layout_basic
D:2:      layout_basic, chequers_jeans, minmay_close_crescents
D:3:      layout_basic, gammafunk_temple_overflow_arena, serial_shops,
          nicolae_shop_stone, grunt_ministairs_7, uniq_robin, uniq_ijyb
D:4:      layout_layer_cave, mainiacjoe_overflow_swirl
D:5:      layout_basic, mainiacjoe_overflow_paths, mainiacjoe_overflow_alcove_1,
          minmay_quadrilaterals, uniq_blork_the_orc
D:6:      layout_basic, lemuel_crystal_altar, marbit_many_paths, serial_shops,
          shop, gammafunk_ghost_split
D:7:      layout_layer_cave, general_overflow_altar,
          minmay_temple_entry_butterflies
D:8:      layout_rooms, zin_treasury, uniq_joseph
D:11:     layout_roguey, hellmonk_lair_entry_icy, minmay_statues_item, tgw_xom
Temple:   nicolae_temple_two_arcs

Skill      XL: |  1  2  3  4  5  6  7  8  9 10 |
---------------+-------------------------------+-----
Fighting       | 1 2 3 4 5 6 8 10 11 | 11.2
Evocations     | 3 4 5 |  5.2
Stealth        | 1 4 6 7 |  7.9
Maces & Flails | 2 4 5 |  5.0
Spellcasting   | 5 6 |  6.4
Armour         | |  3.7
Conjurations   | |  0.4
Earth Magic    | |  0.4

Action                     |  1- 3 |  4- 6 |  7- 9 | 10-12 || total
---------------------------+-------+-------+-------+-------++-------
  Melee: Flail             |    99 |    95 |       |       ||   194
         Punch             |     1 |       |     9 |       ||    10
         Whip              |       |   155 |   306 |    57 ||   518
  Evoke: Wand              |       |     1 |       |     2 ||     3
    Use: Potion            |     3 |     1 |     2 |     1 ||     7
         Scroll            |       |       |    22 |     2 ||    24
   Stab: Sleeping          |       |       |     4 |     2 ||     6
 Armour: Scale mail        |    54 |   153 |   216 |    26 ||   449
  Dodge: Dodged            |    59 |   138 |   174 |    23 ||   394

Table legend: (Time is in decaauts)
 A = Elapsed time spent in this place.
 B = Non-inter-level travel time spent in this place.
 C = Inter-level travel time spent in this place.
 D = Time resting spent in this place.
 E = Time spent auto-exploring this place.
 F = Levels seen in this place.
 G = Mean time per level.
                   A        B        C        D        E       F      G
               +--------+--------+--------+--------+--------+-----+--------+
         Total |   8953 |   8510 |    443 |    412 |   6693 |  10 |  895.3 |
       Dungeon |   8885 |   8457 |    428 |    412 |   6646 |   9 |  987.2 |
        Temple |     68 |     53 |     15 |      0 |     46 |   1 |   68.0 |
               +--------+--------+--------+--------+--------+-----+--------+

Top non-repeatable levels by time:
     D:4: 1580 daAuts
     D:6: 1554 daAuts
     D:5: 1329 daAuts
     D:7: 1298 daAuts
     D:2: 1179 daAuts
     D:3: 1013 daAuts
     D:1: 528 daAuts
    D:11: 399 daAuts
  Temple: 68 daAuts
     D:8: 2 daAuts
